 Dungeon Crawl Stone Soup version 0.23-a0-650-ga4d50d4 (console) character file.

30 Duffy the Firebug (level 3, 12/24 HPs)
             Began as a Demonspawn Fire Elementalist on Jan 6, 2019.
             Quit the game on level 2 of the Dungeon.
             The game lasted 00:01:04 (1922 turns).

Duffy the Firebug (Demonspawn Fire Elementalist)    Turns: 1922, Time: 00:01:05

Health: 12/24      AC:  4    Str:  8    XL:     3   Next: 5%
Magic:  0/6        EV: 12    Int: 17    God:
Gold:   57         SH:  0    Dex: 13    Spells: 5/6 levels left

rFire    . . .     SeeInvis .   e - -3 hand axe (curse)
rCold    . . .     Gourm    .   (no shield)
rNeg     . . .     Faith    .   a - +0 robe
rPois    .         Spirit   .   (helmet restricted)
rElec    .         Reflect  .   (no cloak)
rCorr    .         Harm     .   (no gloves)
MR       .....                  (no boots)
Stlth    ++........             (no amulet)
HPRegen  0.08/turn              (no ring)
MPRegen  0.10/turn              (no ring)

@: quite poisoned (12 -> 6), very slightly contaminated
A: horns 1, iridescent scales 1
a: no special abilities


You were on level 2 of the Dungeon.
You were not hungry.

You visited 1 branch of the dungeon, and saw 2 of its levels.

You collected 57 gold pieces.

Inventory:

Hand Weapons
 b - a +0 spear
 e - a cursed -3 hand axe (weapon)
Armour
 a - a +0 robe (worn)
Scrolls
 d - 3 scrolls of fog {unknown}
 g - a scroll of remove curse {unknown}
Potions
 h - 2 potions of curing {unknown}
 i - a potion of agility {unknown}
Comestibles
 c - 2 rations


   Skills:
 - Level 1.7 Dodging
 - Level 1.7 Stealth
 + Level 2.4 Spellcasting
 + Level 1.9 Conjurations
 + Level 3.1 Fire Magic


You had 5 spell levels left.
You knew the following spells:

 Your Spells              Type           Power        Failure   Level  Hunger
h - Flame Tongue          Conj/Fire      ##...        7%          1    #......

Your spell library contained the following spells:

 Spells                   Type           Power        Failure   Level  Hunger
 Throw Flame              Conj/Fire      ##....       10%         2    ##.....
 Conjure Flame            Conj/Fire      ##......     21%         3    ###....
 Inner Flame              Hex/Fire       #.......     28%         3    ###....
 Sticky Flame             Conj/Fire      ##......     54%         4    #####..
 Fireball                 Conj/Fire      ##........   88%         5    ######.


Dungeon Overview and Level Annotations

Branches:
Dungeon (2/15)

Altars:


Innate Abilities, Weirdness & Mutations

You have a pair of small horns on your head.
You are partially covered in iridescent scales. (AC +2)


Message History

Confirm with . or Enter, or press ? or * to list all spells.
Aiming: Flame Tongue (safe; 8% risk of failure)
Press: ? - help, Shift-Dir - straight line, f/p - adder
Aim: an adder (moderately wounded)
The flame tongue hits the adder.
The adder is almost dead.
You feel sick. The adder bites you but does no damage. The adder bites you.
Casting: Flame Tongue (safe; 8% risk of failure)
Confirm with . or Enter, or press ? or * to list all spells.
Aiming: Flame Tongue (safe; 8% risk of failure)
Press: ? - help, Shift-Dir - straight line, f/p - adder
Aim: an adder (almost dead)
The flame tongue hits the adder.
You kill the adder!
You have reached level 3!
Your experience leads to an increase in your attributes!
Increase (S)trength, (I)ntelligence, or (D)exterity?
You feel clever.
Your demonic ancestry asserts itself...
A pair of horns grows on your head!
Are you sure you want to abandon this character and quit the game? (Confirm

#.# #..# #.#
#..# #. #.#
#..# #. #.#
#..# #.. #.#
#..# #.. #.#
#..#
#..####.####..#
#...<.........#
#....#@)####.##
##.#..%..###.#
#...........#
#.##....#####
##.#.#.##
#....#
..........#
#######.### #.#


There were no monsters in sight!

Vanquished Creatures
  An adder (D:2)
  A worm (D:2)
  A dart slug (D:1)
  A giant cockroach (D:1)
  3 goblins
  2 hobgoblins (D:1)
  A ball python (D:1)
  4 bats
  A kobold (D:1)
  3 rats
18 creatures vanquished.

Notes
Turn   | Place    | Note
-------+----------+-------------------------------------------
     0 | D:1      | Duffy the Demonspawn Fire Elementalist began the quest for
                  | the Orb.
     0 | D:1      | Reached XP level 1. HP: 13/13 MP: 3/3
   967 | D:1      | Gained mutation: You are partially covered in iridescent
                  | scales. (AC +2) [demonic ancestry]
   967 | D:1      | Reached XP level 2. HP: 19/19 MP: 3/5
  1217 | D:1      | Reached skill level 3 in Fire Magic
  1761 | D:2      | Noticed a crimson imp
  1921 | D:2      | Gained mutation: You have a pair of small horns on your
                  | head. [demonic ancestry]
  1921 | D:2      | Reached XP level 3. HP: 12/24 MP: 0/6
  1922 | D:2      | Quit the game

Vault maps used:
D:1:      lemuel_arrival_rhombus
D:2:      first_ration, minmay_joined_circles, uniq_terence, uniq_natasha

Skill      XL: |  1  2 |
---------------+-------+-----
Fire Magic     | 3 |  3.1
Dodging        | |  1.7
Stealth        | |  1.7
Spellcasting   | |  2.4
Conjurations   | |  1.9

Action                   || total
-------------------------++-------
Melee: Hand axe          ||    20
 Cast: Flame Tongue      ||    34
  Eat: Chunk             ||     3
Armor: Robe              ||    11
Dodge: Dodged            ||    20

Table legend:
 A = Non-vault XP
 B = Vault XP
 C = Vault XP percentage of total XP
 D = Non-vault monster count
 E = Vault monster count
 F = Vault count percentage of total count
                 A         B        C        D         E       F
            +---------+---------+-------+---------+---------+-------
      Total |      44 |       0 |   0.0 |      18 |       0 |   0.0
            +---------+---------+-------+---------+---------+-------
        D:1 |      22 |       0 |   0.0 |      13 |       0 |   0.0
        D:2 |      22 |       0 |   0.0 |       5 |       0 |   0.0
            +---------+---------+-------+---------+---------+-------
